Map: Pillars of Gold LE

Players

LiquidMaNa (MaNa) - Winner!

  • Race: Protoss Protoss
  • League: Grandmaster
  • Spawn Location: 1:00

AGOElazer (Elazer)

  • Race: Zerg Zerg
  • League: Grandmaster
  • Spawn Location: 7:00

Event: DreamHack SC2 Masters 2020 Summer Europe

VOD

Have the link to the VOD?

Description

Time

  • Played on: June 26, 2020, 1:32 p.m.
  • Length: 6:13

All games in this series

Show
View Real Time Build Order
Export as new Build Order

LiquidMaNa Protoss - Winner!

Build Orders: 1 Gate Expand, Mass Adepts 

Get SALT Encoding   

  12  0:00  Probe  
  13  0:12  Probe  
  14  0:20  Pylon  
  14  0:24  Probe  
  15  0:34  Probe  
  15  0:42  Probe  
  16  0:44  Gateway  
  17  0:53  Assimilator, Probe  
  18  1:05  Probe  
  19  1:17  Probe  
  20  1:29  Nexus  
  20  1:38  Cybernetics Core  
  20  1:41  Probe  
  21  1:49  Assimilator  
  21  1:53  Probe  
  22  1:57  Pylon  
  22  2:05  Probe  
  22  2:06  Adept  
  25  2:15  Warp Gate  
  25  2:17  Probe  
  26  2:26  Stalker  
  26  2:29  Probe  
  27  2:36  Twilight Council  
  29  2:37  Probe  
  29  2:42  Probe  
  31  2:45  Probe  
  32  2:55  Robotics Facility  
  32  2:57  Probe  
  33  3:01  Probe  
  34  3:08  Resonating Glaives  
  34  3:09  Probe  
  35  3:14  Gateway  
  35  3:28  Gateway x2  
  35  3:29  Probe  
  35  3:31  Probe  
  37  3:35  Adept, Warp Prism  
  41  3:51  Pylon  
  41  3:53  Probe  
  42  4:00  Assimilator  
  42  4:03  Dark Shrine  
  42  4:08  Adept  
  44  4:10  Probe x2  
  44  4:14  Adept  
  48  4:17  Pylon  
  48  4:22  Adept  
  48  4:23  Adept  
  52  4:29  Probe x2  
  54  4:33  Pylon  
  54  4:43  Adept x3  
  60  4:47  Adept  
  60  4:51  Observer  
  63  5:01  Pylon  
  63  5:03  Adept x3  
  63  5:05  Probe  
  70  5:11  Pylon  
  68  5:24  Dark Templar x2  
  68  5:26  Probe  
  71  5:32  Probe  
  71  5:34  Assimilator  
  70  5:38  Probe  
  71  5:55  Dark Templar x2, Probe  
  71  5:56  Probe  
Show
View Real Time Build Order
Export as new Build Order

AGOElazer Zerg 

Build Orders: Hatch First 

Get SALT Encoding   

  12  0:00  Drone  
  13  0:12  Overlord  
  13  0:18  Drone  
  14  0:31  Drone x2  
  16  0:48  Drone  
  17  0:55  Hatchery  
  16  0:57  Drone  
  16  1:00  Drone  
  18  1:10  Extractor  
  17  1:16  Spawning Pool  
  16  1:19  Drone  
  16  1:23  Drone  
  18  1:28  Drone  
  19  1:39  Drone  
  20  1:50  Overlord  
  20  2:02  Queen  
  20  2:07  Queen, Zergling x4  
  26  2:12  Drone  
  26  2:13  Metabolic Boost  
  27  2:18  Drone  
  28  2:23  Drone  
  29  2:30  Drone  
  29  2:33  Drone  
  31  2:43  Hatchery  
  30  2:46  Zergling x2  
  31  2:52  Queen  
  31  2:57  Overlord  
  33  3:00  Drone  
  33  3:02  Drone  
  33  3:05  Drone  
  36  3:08  Spore Crawler  
  36  3:15  Drone x4  
  36  3:18  Drone  
  41  3:27  Drone x2  
  41  3:33  Spore Crawler  
  42  3:35  Queen  
  42  3:36  Overlord  
  44  3:54  Drone x6  
  44  3:55  Drone  
  51  4:00  Queen  
  53  4:04  Roach Warren  
  53  4:05  Drone x2  
  53  4:06  Drone  
  55  4:11  Overlord  
  55  4:13  Zergling x4  
  55  4:16  Zergling x2  
  58  4:20  Overlord  
  57  4:28  Overlord  
  57  4:29  Zergling x8  
  61  4:33  Zergling x4  
  63  4:39  Zergling x2  
  63  4:42  Spore Crawler x2  
  62  4:46  Roach x4  
  62  4:49  Roach x2  
  74  4:55  Roach x3  
  74  4:59  Roach  
  81  5:02  Overlord  
  81  5:03  Overlord  
  81  5:16  Extractor x2  
  81  5:21  Drone x6, Overlord  
  70  5:26  Drone x2  
  77  5:32  Spore Crawler  
  77  5:35  Drone x2  
  74  5:40  Drone x2  
  76  5:46  Drone x3  
Tags
 
Add a new tag
Caveats
  • Supply blocks, unpowered buildings, or Contaminate may cause inaccurate times.
  • Supply counts are checked every 10 seconds.